 Dungeon Crawl Stone Soup version 0.22-a0-93-g6b88ebb (console) character file.

802 nht the Grappler (level 7, -2/62 HPs)
             Began as a Troll Hunter on Jan 23, 2018.
             Was an Initiate of Okawaru.
             Slain by an orc
             ... wielding a +0 whip
              (6 damage)
             ... on level 7 of the Dungeon.
             The game lasted 00:05:07 (2586 turns).

nht the Grappler (Troll Hunter)                     Turns: 2586, Time: 00:05:08

Health: -2/62      AC:  7    Str: 21 (23) XL:     7   Next: 59%
Magic:  6/6        EV:  9    Int:  5 (7)  God:    Okawaru [......]
Gold:   177        SH:  0    Dex:  9 (10) Spells: 6/6 levels left

rFire    . . .     SeeInvis .     - Unarmed
rCold    . . .     Gourm    +   (no shield)
rNeg     . . .     Faith    +   k - +2 robe {MR+}
rPois    .         Spirit   .   (helmet restricted)
rElec    .         Reflect  .   (no cloak)
rCorr    .         Harm     .   (gloves unavailable)
MR       +....                  (boots unavailable)
Stlth    +.........             l - amulet of faith
HPRegen  0.60/turn              (no ring)
MPRegen  0.10/turn              (no ring)

@: heavily drained
A: large, unfitting armour, claws 3, fast metabolism 3, gourmand, regeneration
1, shaggy fur 1, tough skin 2
a: Renounce Religion


You were on level 7 of the Dungeon.
You worshipped Okawaru.
Okawaru was noncommittal.
You were completely stuffed.

You visited 2 branches of the dungeon, and saw 8 of its levels.

You collected 177 gold pieces.

Inventory:

Missiles
 c - 3 large rocks (quivered)
 d - 2 throwing nets
Armour
 k - a +2 robe of magic resistance (worn)
Jewellery
 l - an amulet of faith (around neck)
 m - an uncursed amulet of rage {unknown}
Wands
 n - a wand of iceblast (8)
Scrolls
 h - 2 scrolls of identify
 i - a scroll of magic mapping
Comestibles
 f - 8 rations
 g - 3 chunks of flesh


   Skills:
 - Level 1.5(0.0) Fighting
 - Level 3.6(1.2) Throwing
 - Level 1.5(0.0) Dodging
 - Level 0.3(0.0) Stealth
 + Level 8.5(5.7) Unarmed Combat


You had 6 spell levels left.
You didn't know any spells.

Dungeon Overview and Level Annotations

Branches:
Dungeon (8/15)             Temple (1/1) D:4
   Lair: D:8-11

Altars:
Ashenzari
Cheibriados
Dithmenos
Elyvilon
Gozag
Hepliaklqana
Kikubaaqudgha
Nemelex Xobeh
Okawaru
Ru
Sif Muna
Uskayaw
Vehumet
Wu Jian
Xom
Yredelemnul
Zin


Innate Abilities, Weirdness & Mutations

You are too large for most types of armour.
You have claws for hands.
Your metabolism is lightning-fast.
You like to eat raw meat.
Your natural rate of healing is unusually fast.
You are covered in fur. (AC +1)
You have very tough skin. (AC +2)


Message History

an enchanted battleaxe; a robe; a jackal corpse You feel better.
The wight hits you with an enchanted spear.
* * * LOW HITPOINT WARNING * * *
You feel drained.
The wight hits you from afar with a halberd!
* * * LOW HITPOINT WARNING * * *
Your surroundings suddenly seem different.
A jackal comes into view.
The jackal barks!
A jackal comes into view.
The jackal barks!
An orc comes into view. It is wielding a flail.
The orc shouts!
You hear a bark!
Found a short sword, a scroll of identify and 14 stones. 2 jackals, a sky beast and an orc come into view.
The jackal barks!
You hear a shout!
The jackal stops to sniff the ground.
The orc hits you with a whip.
You die...

.█....█
@......█
██.h....█
..h....█
█....h.█
███+██.h....
█......o.█
█......o.█
█...Y..@.█
██.......█
█....)..█
█.......█
█(...?..█
███████.█ .█
..


You could see Joseph, a sky beast, 2 orcs and 4 jackals.

Vanquished Creatures
  Sigmund (D:2)
  The ghost of KristoblXynda the Charlatan, an amateur SpAr (D:4)
  A black bear (D:4)
  A wight (D:7)
  A crimson imp (D:3)
  A hound (D:7)
  2 orc wizards (D:3)
  Jessica (D:2)
  Terence (D:2)
  An iguana (D:4)
  A worker ant (D:4)
  A hound zombie (D:7)
  6 adders
  An ooze (D:1)
  A worm (D:3)
  A dart slug (D:1)
  7 leopard geckos
  9 orcs
  A ball python (D:1)
  6 giant cockroaches
  12 goblins
  4 hobgoblins
  4 jackals (D:7)
  A quokka (D:3)
  8 bats
  8 frilled lizards
  8 kobolds
  2 quokka skeletons
  6 rats
  A fungus (D:1)
99 creatures vanquished.

Vanquished Creatures (others)
  A plant (D:4)
1 creature vanquished.

Grand Total: 100 creatures vanquished

Notes
Turn   | Place    | Note
-------+----------+-------------------------------------------
     0 | D:1      | nht the Troll Hunter began the quest for the Orb.
     0 | D:1      | Reached XP level 1. HP: 19/19 MP: 0/0
   411 | D:1      | Reached skill level 1 in Unarmed Combat
   516 | D:1      | Reached XP level 2. HP: 27/27 MP: 1/1
   696 | D:1      | Reached skill level 2 in Unarmed Combat
   812 | D:1      | Reached XP level 3. HP: 33/33 MP: 2/2
  1037 | D:2      | Noticed Terence
  1048 | D:2      | Reached skill level 3 in Unarmed Combat
  1058 | D:2      | Killed Terence
  1113 | D:2      | Noticed Sigmund
  1128 | D:2      | Killed Sigmund
  1128 | D:2      | Reached skill level 5 in Unarmed Combat
  1128 | D:2      | Reached XP level 4. HP: 35/41 MP: 3/3
  1128 | D:2      | Reached XP level 5. HP: 41/48 MP: 4/4
  1160 | D:2      | Noticed Jessica
  1163 | D:2      | Killed Jessica
  1289 | D:2      | Reached XP level 6. HP: 55/55 MP: 5/5
  1320 | D:2      | Noticed a hand axe
  1321 | D:2      | Found a hide-covered altar of Uskayaw.
  1322 | D:2      | Noticed a dagger
  1333 | D:2      | Reached skill level 6 in Unarmed Combat
  2075 | D:4      | Noticed KristoblXynda's ghost (amateur SpAr)
  2090 | D:4      | Killed KristoblXynda's ghost
  2090 | D:4      | Reached skill level 7 in Unarmed Combat
  2090 | D:4      | Reached XP level 7. HP: 55/62 MP: 6/6
  2165 | D:4      | Found a staircase to the Ecumenical Temple.
  2196 | Temple   | Entered the Ecumenical Temple
  2340 | Temple   | Became a worshipper of Warmaster Okawaru
  2381 | D:4      | Reached skill level 8 in Unarmed Combat
  2456 | D:5      | Entered Level 5 of the Dungeon
  2541 | D:5      | You fall through a shaft for 3 floors!
  2584 | D:7      | HP: 3/62 [wight/halberd (8)]
  2586 | D:7      | Slain by an orc

Vault maps used:
D:1:      dpeg_arrival_water_fire, minmay_box_of_dots
D:2:      dancing_weapons_uskayaw, uniq_jessica, uniq_sigmund, uniq_terence
D:4:      minmay_temple_entry_trees, minmay_lizard_king
D:5:      grunt_qazlal_sundering, serial_bayou, serial_bayou_ford_a,
          serial_bayou_crossing, serial_bayou_lake_a, serial_bayou_pond_c,
          first_ration, uniq_prince_ribbit1
D:7:      minmay_opposing_rooms, tgw_fedhas, uniq_menkaure, uniq_joseph
D:8:      nicolae_overflow_crystal_walls, serial_shops, kennysheep_mini_moat,
          uniq_gastronok
Temple:   eino_temple_rhombus

Skill      XL: |  1  2  3  4  5  6  7 |
---------------+----------------------+-----
Unarmed Combat | 1 2 5 7 8 |  8.5
Fighting       | |  1.5
Throwing       | |  3.6
Dodging        | |  1.5
Stealth        | |  0.3

Action                   |  1- 3 |  4- 6 |  7- 9 || total
-------------------------+-------+-------+-------++-------
Melee: Unarmed           |   106 |   109 |    63 ||   278
       Punch             |     1 |     2 |       ||     3
Throw: Large rock        |     8 |     2 |       ||    10
       Throwing net      |     3 |       |       ||     3
  Use: Potion            |     2 |       |     4 ||     6
       Scroll            |       |     6 |     2 ||     8
 Stab: Sleeping          |       |     1 |       ||     1
  Eat: Chunk             |    16 |     9 |     4 ||    29
Armor: Robe              |    39 |    48 |    67 ||   154
Dodge: Dodged            |    64 |    53 |    56 ||   173

Table legend:
 A = Spawn XP
 B = Non-spawn XP
 C = Spawn XP percentage of total XP
 D = Spawn monster count
 E = Non-spawn monster count
 F = Spawn count percentage of total count
 G = Total turns spent on level
                    A         B        C        D         E        F      G
               +---------+---------+-------+---------+---------+-------+---------
         Total |       0 |    1146 |   0.0 |       0 |      98 |   0.0 |  2586
               +---------+---------+-------+---------+---------+-------+---------
           D:1 |       0 |      44 |   0.0 |       0 |      24 |   0.0 |  1035
           D:2 |       0 |     358 |   0.0 |       0 |      19 |   0.0 |   448
           D:3 |       0 |     231 |   0.0 |       0 |      30 |   0.0 |   553
           D:4 |       0 |     370 |   0.0 |       0 |      16 |   0.0 |   265
           D:5 |       0 |      13 |   0.0 |       0 |       1 |   0.0 |    85
           D:7 |       0 |     130 |   0.0 |       0 |       8 |   0.0 |    38
               +---------+---------+-------+---------+---------+-------+---------
